Workbook

Sheet Conjunto de datos
A1: Cuenta | B1: Categoria | C1: Descripcion | D1: Asignado | E1: Modificado | F1: Codificado | G1: Monto certificado | H1: Comprometido | I1: Devengado | J1: Pagado | K1: Saldo por comprometer | L1: Saldo por devengar | M1: Saldo por pagar | N1: Porcentaje de ejecucion
A2: 510105 | B2: GASTOS EN PERSONAL | C2: =VLOOKUP(A2,Cat!$C:$D,2,FALSE) -> Remuneraciones Unificadas | D2: 1685889.9 | E2: 0 | F2: 1685889.9 | G2: 1120803.2 | H2: 1119504.6 | I2: 1116457.3 | J2: 1114835 | K2: =+F2-H2 -> 566385.32 | L2: =+F2-H2 -> 566385.32 | M2: =+I2-J2 -> 1622.25 | N2: 0.58085595
A3: 510203 | B3: GASTOS EN PERSONAL | C3: =VLOOKUP(A3,Cat!$C:$D,2,FALSE) -> Decimo Tercer Sueldo | D3: 138033.25 | E3: 0 | F3: 138033.25 | G3: 95242.44 | H3: 95134.22 | I3: 94880.28 | J3: 50334.58 | K3: =+F3-H3 -> 42899.03 | L3: =+F3-H3 -> 42899.03 | M3: =+I3-J3 -> 44545.7 | N3: 0.60220548
A4: 510204 | B4: GASTOS EN PERSONAL | C4: =VLOOKUP(A4,Cat!$C:$D,2,FALSE) -> Decimo Cuarto Sueldo | D4: 46469.11 | E4: 0 | F4: 46469.11 | G4: 26699.44 | H4: 26676.13 | I4: 26608.11 | J4: 24653.46 | K4: =+F4-H4 -> 19792.98 | L4: =+F4-H4 -> 19792.98 | M4: =+I4-J4 -> 1954.65 | N4: 0.50141395
A5: 510509 | B5: GASTOS EN PERSONAL | C5: =VLOOKUP(A5,Cat!$C:$D,2,FALSE) -> Horas Extraordinarias y Suplementarias | D5: 2171.87 | E5: 0 | F5: 2171.87 | G5: 1259.14 | H5: 1259.14 | I5: 1145.36 | J5: 639.9 | K5: =+F5-H5 -> 912.73 | L5: =+F5-H5 -> 912.73 | M5: =+I5-J5 -> 505.46 | N5: 0.45688738
A6: 510512 | B6: GASTOS EN PERSONAL | C6: =VLOOKUP(A6,Cat!$C:$D,2,FALSE) -> Subrogacion | D6: 25365.17 | E6: 0 | F6: 25365.17 | G6: 14551.24 | H6: 14551.24 | I6: 14551.24 | J6: 11765.91 | K6: =+F6-H6 -> 10813.93 | L6: =+F6-H6 -> 10813.93 | M6: =+I6-J6 -> 2785.33 | N6: 0.43132729
A7: 510513 | B7: GASTOS EN PERSONAL | C7: =VLOOKUP(A7,Cat!$C:$D,2,FALSE) -> Encargos | D7: 15533.88 | E7: 0 | F7: 15533.88 | G7: 5669.57 | H7: 5669.57 | I7: 5669.57 | J7: 3398.96 | K7: =+F7-H7 -> 9864.31 | L7: =+F7-H7 -> 9864.31 | M7: =+I7-J7 -> 2270.61 | N7: 0.35800907
A8: 510601 | B8: GASTOS EN PERSONAL | C8: =VLOOKUP(A8,Cat!$C:$D,2,FALSE) -> Aporte Patronal | D8: 166572.55 | E8: 0 | F8: 166572.55 | G8: 110515.93 | H8: 110390.61 | I8: 110096.55 | J8: 74888.53 | K8: =+F8-H8 -> 56181.94 | L8: =+F8-H8 -> 56181.94 | M8: =+I8-J8 -> 35208.02 | N8: 0.57899582
A9: 510602 | B9: GASTOS EN PERSONAL | C9: =VLOOKUP(A9,Cat!$C:$D,2,FALSE) -> Fondo de Reserva | D9: 94006.91 | E9: 0 | F9: 94006.91 | G9: 46928.57 | H9: 46928.57 | I9: 46796.7 | J9: 46746.22 | K9: =+F9-H9 -> 47078.34 | L9: =+F9-H9 -> 47078.34 | M9: =+I9-J9 -> 50.48 | N9: 0.44517621
A10: 510703 | B10: GASTOS EN PERSONAL | C10: =VLOOKUP(A10,Cat!$C:$D,2,FALSE) -> Despido Intempestivo | D10: 37904 | E10: 0 | F10: 37904 | G10: 25017 | H10: 25017 | I10: 25017 | J10: 25017 | K10: =+F10-H10 -> 12887 | L10: =+F10-H10 -> 12887 | M10: =+I10-J10 -> 0 | N10: 0.6600095
A11: 510704 | B11: GASTOS EN PERSONAL | C11: =VLOOKUP(A11,Cat!$C:$D,2,FALSE) -> Compensacion por Desahucio | D11: 7497 | E11: 0 | F11: 7497 | G11: 5299 | H11: 5299 | I11: 5299 | J11: 5299 | K11: =+F11-H11 -> 2198 | L11: =+F11-H11 -> 2198 | M11: =+I11-J11 -> 0 | N11: 0.70681606
A12: 510707 | B12: GASTOS EN PERSONAL | C12: =VLOOKUP(A12,Cat!$C:$D,2,FALSE) -> Compensacion por Vacaciones no Gozadas por Cesacion de Funciones | D12: 98604.99 | E12: 0 | F12: 98604.99 | G12: 56161.03 | H12: 55160.45 | I12: 55143.62 | J12: 55143.62 | K12: =+F12-H12 -> 43444.54 | L12: =+F12-H12 -> 43444.54 | M12: =+I12-J12 -> 0 | N12: 0.32849889
A13: 530101 | B13: BIENES Y SERVICIOS DE CONSUMO | C13: =VLOOKUP(A13,Cat!$C:$D,2,FALSE) -> Agua Potable | D13: 0 | E13: 2000 | F13: 2000 | G13: 0 | H13: 0 | I13: 0 | J13: 0 | K13: =+F13-H13 -> 2000 | L13: =+F13-H13 -> 2000 | M13: =+I13-J13 -> 0 | N13: 0
... A67: 980201 | B67: OBLIGACIONES POR VENTAS ANTICIPADAS | C67: =VLOOKUP(A67,Cat!$C:$D,2,FALSE) -> OBLIGACIONES POR CONVENIOS DE COOPERACION INTERINSTITUCIONAL | D67: 2067887.9 | E67: -2067887.9 | F67: 0 | G67: 0 | H67: 0 | I67: 0 | J67: 0 | K67: =+F67-H67 -> 0 | L67: =+F67-H67 -> 0 | M67: =+I67-J67 -> 0 | N67: 0

Sheet Metadatos
A1: Fecha actualizacion de la informacion | B1: 45535
A2: Periodicidad de actualizacion de la informacion | B2: Mensual
A3: Unidad poseedora de la informacion | B3: COORDINACIÓN GENERAL ADMINISTRATIVA FINANCIERA
A4: Persona responsable de la unidad poseedora de la informacion | B4: MGS. EDUARDO SANCHEZ
A5: Correo electronico de la persona responsable de la unidad poseedora de la informacion | B5: esanchez@creamosinfraestructura.gob.ec
A6: Numero telefonico de la persona responsable de la unidad poseedora de la informacion | B6: 023732900 Ext. 9131
A7: Licencia | B7: CC-BY-4.0

Sheet Diccionario 
A1: Institucion | B1: CREAMOS INFRAESTRUCTURA EP
A2: Descripcion | B2: 99857428
A3: Nombre del campo | B3: Descripcion de campo
A4: Cuenta | B4: Codigo identificador asignado a la categoria; descripcion o partida presupuestaria
A5: Categoria | B5: Categoria a la que pertenece el elemento presupuestario
A6: Descripcion | B6: Descripcion del elemento presupuestario
A7: Asignado | B7: Monto inicialmente asignado al elemento presupuestario
A8: Modificado | B8: Monto modificado o ajustado posteriormente al elemento presupuestario
A9: Codificado | B9: Monto codificado o asignado especificamente al elemento presupuestario
A10: Monto certificado | B10: Monto certificado o aprobado para el elemento presupuestario
A11: Comprometido | B11: Monto comprometido o reservado para el elemento presupuestario
A12: Devengado | B12: Monto devengado o registrado como gasto efectuado en relacion al elemento presupuestario
A13: Pagado | B13: Monto pagado o desembolsado hasta la fecha en relacion al elemento presupuestario
A14: Saldo por comprometer | B14: Saldo restante por comprometer o reservar para el elemento presupuestario
... A17: Porcentaje de ejecucion | B17: Porcentaje de ejecucion o avance del gasto en relacion al monto total asignado al elemento presupuestario

Sheet Cat
A1: DENOMINACION | B1: LONGITUD | C1: CUENTA | D1: DESCRIPCION | E1: PRECEDENTE
A2: Ingresos | B2: 1 | C2: 1 | D2: INGRESOS CORRIENTES | E2: 0
A3: Ingresos | B3: 2 | C3: 11 | D3: IMPUESTOS | E3: 1
A4: Ingresos | B4: 4 | C4: 1101 | D4: Sobre la Renta Utilidades y Ganancias de Capital | E4: 11
A5: Ingresos | B5: 6 | C5: 110101 | D5: A la Renta Global | E5: 1101
A6: Ingresos | B6: 6 | C6: 110102 | D6: A la Utilidad por la Venta de Predios Urbanos y Plusvalia | E6: 1101
A7: Ingresos | B7: 6 | C7: 110103 | D7: A la Utilidad por la Venta de Predios Rurales | E7: 1101
A8: Ingresos | B8: 6 | C8: 110104 | D8: A los Juegos de Azar | E8: 1101
A9: Ingresos | B9: 6 | C9: 110105 | D9: A la Renta de Empresas Petroleras | E9: 1101
A10: Ingresos | B10: 6 | C10: 110106 | D10: Sobre las Utilidades | E10: 1101
A11: Ingresos | B11: 6 | C11: 110199 | D11: A Otras Rentas Utilidades y Beneficios del Capital | E11: 1101
A12: Ingresos | B12: 4 | C12: 1102 | D12: Sobre la Propiedad | E12: 11
A13: Ingresos | B13: 6 | C13: 110201 | D13: A los Predios Urbanos | E13: 1102
A14: Ingresos | B14: 6 | C14: 110202 | D14: A los Predios Rurales | E14: 1102
... A449: Ingresos | B449: 6 | C449: 190499 | D449: Otros no Especificados | E449: 1904
A450: Ingresos | B450: 1 | C450: 2 | D450: INGRESOS DE CAPITAL | E450: 0
A451: Ingresos | B451: 2 | C451: 24 | D451: VENTA DE ACTIVOS NO FINANCIEROS | E451: 2
A452: Ingresos | B452: 4 | C452: 2401 | D452: Bienes Muebles | E452: 24
A453: Ingresos | B453: 6 | C453: 240103 | D453: Mobiliario | E453: 2401
A454: Ingresos | B454: 6 | C454: 240104 | D454: Maquinarias y Equipos | E454: 2401
A455: Ingresos | B455: 6 | C455: 240105 | D455: Vehiculos | E455: 2401
A456: Ingresos | B456: 6 | C456: 240106 | D456: Herramientas | E456: 2401
A457: Ingresos | B457: 6 | C457: 240107 | D457: Equipos Sistemas y Paquetes Informaticos | E457: 2401
A458: Ingresos | B458: 6 | C458: 240108 | D458: Bienes Artisticos y Culturales | E458: 2401
A459: Ingresos | B459: 6 | C459: 240109 | D459: Libros y Colecciones | E459: 2401
A460: Ingresos | B460: 6 | C460: 240110 | D460: Ganancias por Tenencia de Bienes Muebles | E460: 2401
A461: Ingresos | B461: 4 | C461: 2402 | D461: Bienes Inmuebles | E461: 24
A462: Ingresos | B462: 6 | C462: 240201 | D462: Terrenos | E462: 2402
... A762: Ingresos | B762: 6 | C762: 281301 | D762: Participaciones sobre Ajustes Soberanos a los Contratos de Explotacion Minera | E762: 2813
A763: Ingresos | B763: 1 | C763: 3 | D763: INGRESOS DE FINANCIAMIENTO | E763: 0
A764: Ingresos | B764: 2 | C764: 36 | D764: FINANCIAMIENTO PUBLICO | E764: 3
A765: Ingresos | B765: 4 | C765: 3601 | D765: Colocacion de Titulos Valores | E765: 36
A766: Ingresos | B766: 6 | C766: 360101 | D766: Certificados del Tesoro Nacional | E766: 3601
A767: Ingresos | B767: 6 | C767: 360102 | D767: Bonos del Estado colocados en el Mercado Nacional | E767: 3601
A768: Ingresos | B768: 6 | C768: 360103 | D768: Bonos del Estado colocados en el Mercado Internacional | E768: 3601
A769: Ingresos | B769: 6 | C769: 360198 | D769: Otros Titulos | E769: 3601
A770: Ingresos | B770: 6 | C770: 360199 | D770: Otros Valores | E770: 3601
A771: Ingresos | B771: 4 | C771: 3602 | D771: Financiamiento Publico Interno | E771: 36
A772: Ingresos | B772: 6 | C772: 360201 | D772: Del Sector Publico Financiero | E772: 3602
A773: Ingresos | B773: 6 | C773: 360202 | D773: Del Sector Publico no Financiero | E773: 3602
A774: Ingresos | B774: 6 | C774: 360203 | D774: Del Sector Privado Financiero | E774: 3602
A775: Ingresos | B775: 6 | C775: 360204 | D775: Del Sector Privado no Financiero | E775: 3602
... A816: Ingresos | B816: 6 | C816: 390201 | D816: Por Convenios de Cooperacion Interinstitucional | E816: 3902
A817: Gastos | B817: 1 | C817: 5 | D817: EGRESOS CORRIENTES | E817: 0
A818: Gastos | B818: 2 | C818: 51 | D818: EGRESOS EN PERSONAL | E818: 5
A819: Gastos | B819: 4 | C819: 5101 | D819: Remuneraciones Basicas | E819: 51
A820: Gastos | B820: 6 | C820: 510101 | D820: Sueldos | E820: 5101
A821: Gastos | B821: 6 | C821: 510102 | D821: Salarios | E821: 5101
A822: Gastos | B822: 6 | C822: 510103 | D822: Jornales | E822: 5101
A823: Gastos | B823: 6 | C823: 510105 | D823: Remuneraciones Unificadas | E823: 5101
A824: Gastos | B824: 6 | C824: 510106 | D824: Salarios Unificados | E824: 5101
A825: Gastos | B825: 6 | C825: 510107 | D825: Haber Militar y Policial | E825: 5101
A826: Gastos | B826: 6 | C826: 510108 | D826: Remuneracion Mensual Unificada de Docentes del Magisterio y Docentes e Investigadores Universitarios | E826: 5101
A827: Gastos | B827: 6 | C827: 510109 | D827: Remuneracion Mensual Unificada para Pasantes | E827: 5101
A828: Gastos | B828: 6 | C828: 510110 | D828: Remuneracion Mensual Unificada en el Exterior | E828: 5101
A829: Gastos | B829: 4 | C829: 5102 | D829: Remuneraciones Complementarias | E829: 51
... A1386: Gastos | B1386: 6 | C1386: 590101 | D1386: Asignaciones a Distribuir | E1386: 5901
A1387: Gastos | B1387: 1 | C1387: 6 | D1387: EGRESOS DE PRODUCCIÓN | E1387: 0
A1388: Gastos | B1388: 2 | C1388: 61 | D1388: EGRESOS EN PERSONAL PARA LA PRODUCCION | E1388: 6
A1389: Gastos | B1389: 4 | C1389: 6101 | D1389: Remuneraciones Basicas | E1389: 61
A1390: Gastos | B1390: 6 | C1390: 610101 | D1390: Sueldos | E1390: 6101
A1391: Gastos | B1391: 6 | C1391: 610102 | D1391: Salarios | E1391: 6101
A1392: Gastos | B1392: 6 | C1392: 610103 | D1392: Jornales | E1392: 6101
A1393: Gastos | B1393: 6 | C1393: 610105 | D1393: Remuneraciones Unificadas | E1393: 6101
A1394: Gastos | B1394: 6 | C1394: 610106 | D1394: Salarios Unificados | E1394: 6101
A1395: Gastos | B1395: 6 | C1395: 610108 | D1395: Remuneracion Mensual Unificada de Docentes del magisterio y Docentes e Investigadores Universitarios | E1395: 6101
A1396: Gastos | B1396: 6 | C1396: 610109 | D1396: Remuneracion Mensual Unificada para Pasantes | E1396: 6101
A1397: Gastos | B1397: 4 | C1397: 6102 | D1397: Remuneraciones Complementarias | E1397: 61
A1398: Gastos | B1398: 6 | C1398: 610201 | D1398: Bonificacion por Anios de Servicio | E1398: 6102
A1399: Gastos | B1399: 6 | C1399: 610203 | D1399: Decimotercer Sueldo | E1399: 6102
... A1661: Gastos | B1661: 6 | C1661: 679901 | D1661: Asignacion a Distribuir para Otros Egresos de Produccion | E1661: 6799
A1662: Gastos | B1662: 1 | C1662: 7 | D1662: EGRESOS DE INVERSIÓN | E1662: 0
A1663: Gastos | B1663: 2 | C1663: 71 | D1663: EGRESOS EN PERSONAL PARA INVERSION | E1663: 7
A1664: Gastos | B1664: 4 | C1664: 7101 | D1664: Remuneraciones Basicas | E1664: 71
A1665: Gastos | B1665: 6 | C1665: 710101 | D1665: Sueldos | E1665: 7101
A1666: Gastos | B1666: 6 | C1666: 710102 | D1666: Salarios | E1666: 7101
A1667: Gastos | B1667: 6 | C1667: 710103 | D1667: Jornales | E1667: 7101
A1668: Gastos | B1668: 6 | C1668: 710105 | D1668: Remuneraciones Unificadas | E1668: 7101
A1669: Gastos | B1669: 6 | C1669: 710106 | D1669: Salarios Unificados | E1669: 7101
A1670: Gastos | B1670: 6 | C1670: 710108 | D1670: Remuneracion Mensual Unificada de de Docentes del Magisterio y Docentes e Investigadores Universitarios | E1670: 7101
A1671: Gastos | B1671: 6 | C1671: 710109 | D1671: Remuneracion Mensual Unificada para Pasantes | E1671: 7101
A1672: Gastos | B1672: 4 | C1672: 7102 | D1672: Remuneraciones Complementarias | E1672: 71
A1673: Gastos | B1673: 6 | C1673: 710201 | D1673: Bonificacion por Anios de Servicio | E1673: 7102
A1674: Gastos | B1674: 6 | C1674: 710203 | D1674: Decimotercer Sueldo | E1674: 7102
... A2096: Gastos | B2096: 6 | C2096: 789901 | D2096: Asignacion a Distribuir para Transferencias y Donaciones de Inversion | E2096: 7899
A2097: Gastos | B2097: 1 | C2097: 8 | D2097: EGRESOS DE CAPITAL | E2097: 0
A2098: Gastos | B2098: 2 | C2098: 84 | D2098: EGRESOS DE CAPITAL | E2098: 8
A2099: Gastos | B2099: 4 | C2099: 8401 | D2099: Bienes Muebles | E2099: 84
A2100: Gastos | B2100: 6 | C2100: 840103 | D2100: Mobiliarios | E2100: 8401
A2101: Gastos | B2101: 6 | C2101: 840104 | D2101: Maquinarias y Equipos | E2101: 8401
A2102: Gastos | B2102: 6 | C2102: 840105 | D2102: Vehiculos | E2102: 8401
A2103: Gastos | B2103: 6 | C2103: 840106 | D2103: Herramientas | E2103: 8401
A2104: Gastos | B2104: 6 | C2104: 840107 | D2104: Equipos Sistemas y Paquetes Informaticos | E2104: 8401
A2105: Gastos | B2105: 6 | C2105: 840108 | D2105: Bienes Artisticos y Culturales | E2105: 8401
A2106: Gastos | B2106: 6 | C2106: 840109 | D2106: Libros y Colecciones | E2106: 8401
A2107: Gastos | B2107: 6 | C2107: 840110 | D2107: Pertrechos para la Defensa y Seguridad Publica | E2107: 8401
A2108: Gastos | B2108: 6 | C2108: 840111 | D2108: Partes y Repuestos | E2108: 8401
A2109: Gastos | B2109: 6 | C2109: 840112 | D2109: Bienes de Seguridad Nacional Estrategica | E2109: 8401
... A2304: Gastos | B2304: 6 | C2304: 889901 | D2304: Asignacion a Distribuir para Transferencias y Donaciones de Capital | E2304: 8899
A2305: Gastos | B2305: 1 | C2305: 9 | D2305: APLICACIÓN DEL FINANCIAMIENTO | E2305: 0
...
